 Dungeon Crawl Stone Soup version 0.25-a0-942-g87a53962fc (webtiles) character file.

Game seed: 11118856847186563067, levelgen mode: deterministic

101 Alfie the Shield-Bearer (level 4, -3/40 HPs)
             Began as a Hill Orc Fighter on May 6, 2020.
             Slain by Sigmund
             ... wielding a +0 vorpal scythe
              (5 damage)
             ... on level 3 of the Dungeon.
             The game lasted 00:05:54 (2198 turns).

Alfie the Shield-Bearer (Hill Orc Fighter)          Turns: 2198, Time: 00:05:54

Health: -3/40      AC:  8    Str: 19    XL:     4   Next: 75%
Magic:  4/4        EV:  7    Int:  8    God:
Gold:   111        SH:  9    Dex: 10    Spells: 3/3 levels left

rFire    . . .     SeeInvis .   a - +1 rapier
rCold    . . .     Gourm    .   c - +0 kite shield
rNeg     . . .     Faith    .   b - +0 scale mail
rPois    .         Spirit   .   (no helmet)
rElec    .         Reflect  .   (no cloak)
rCorr    .         Harm     .   l - +0 pair of gloves
MR       .....                  (no boots)
Stlth    +.........             (no amulet)
HPRegen  0.13/turn              e - ring of stealth
MPRegen  0.09/turn              (no ring)

@: no status effects
A: no striking features
a: no special abilities


You were on level 3 of the Dungeon.
You were not hungry.

You visited 1 branch of the dungeon, and saw 3 of its levels.

You collected 111 gold pieces.

Inventory:

Hand Weapons
 a - a +1 rapier (weapon)
Armour
 b - a +0 scale mail (worn)
 c - a +0 kite shield (worn)
 l - a +0 pair of gloves (worn)
Jewellery
 e - a ring of stealth (left hand)
 n - an uncursed ring of resist corrosion {unknown}
Scrolls
 g - 3 scrolls of teleportation
 k - a scroll of magic mapping
Potions
 d - a potion of might
 h - a potion of brilliance {unknown}
 i - a potion of curing {unknown}
Comestibles
 f - 8 rations
 m - 10 chunks of flesh


   Skills:
 + Level 4.0 Fighting
 + Level 3.2 Short Blades
 + Level 3.9 Armour
 + Level 0.6 Dodging
 + Level 4.0 Shields


You had 3 spell levels left.
You didn't know any spells.
Your spell library was empty.

Dungeon Overview and Level Annotations

Branches:
Dungeon (3/15)

Altars:
Dithmenos
Sif Muna

Annotations:
D:3 Sigmund


Message History

You hit Sigmund but do no damage.
Sigmund is moderately wounded.
Sigmund points at you and mumbles some strange words.
You are confused.
You bump into the rock wall.
Sigmund hits you with a +0 vorpal scythe.
Sigmund says, "I'm your fate."
Sigmund hits you from afar with a +0 vorpal scythe.
* * * LOW HITPOINT WARNING * * *
x2 Sigmund casts a spell at you.
The magic dart hits you.
* * * LOW HITPOINT WARNING * * *
You feel less confused.
You see here 11 gold pieces.
Sigmund barely misses you. Sigmund gestures at you while chanting.
The magic dart hits you.
* * * LOW HITPOINT WARNING * * *
Sigmund hits you with a +0 vorpal scythe.
You die...

... #.# #..# #.# ...
##.###..# #.# .#.
._###..# #### #.# ... #.#
#..########... ..# #..
#.# #)).........# ##.#
#..###'###..##.......#
##..#
.....................#
##...#
#.#..######........$.#
##..#.#
.............##.@....#
#..##.#
....#..##...###.@(...#
#.###.# .#.###....###
##########.# #.#
...........###
##....###.#
........#....###
#..#####..#
##.....###.....### #.##
###.## #.##..#
#..##...###.# #...# #.
##..#..###....^#.####.###
..##.....##...##........#


You could see Sigmund.

Vanquished Creatures
  An adder (D:2)
  An ooze (D:2)
  8 worms
  2 dart slugs (D:1)
  3 leopard geckos
  3 orcs (D:3)
  10 bats
  2 giant cockroaches (D:1)
  5 hobgoblins (D:2)
  5 kobolds
  A quokka (D:2)
  4 frilled lizards
  6 goblins
  6 rats
57 creatures vanquished.

Notes
Turn   | Place    | Note
-------+----------+-------------------------------------------
     0 | D:1      | Alfie the Hill Orc Fighter began the quest for the Orb.
     0 | D:1      | Reached XP level 1. HP: 19/19 MP: 1/1
   124 | D:1      | Reached XP level 2. HP: 19/27 MP: 2/2
   774 | D:1      | Reached XP level 3. HP: 33/33 MP: 3/3
  1207 | D:2      | Reached XP level 4. HP: 14/40 MP: 4/4
  2010 | D:3      | Found a shadowy altar of Dithmenos.
  2133 | D:3      | Found a shimmering blue altar of Sif Muna.
  2183 | D:3      | Noticed Sigmund
  2197 | D:3      | HP: 2/40 [Sigmund/magic dart (4)]
  2198 | D:3      | Slain by Sigmund

Levels and vault maps discovered:
D:1:      psy_arrival_dodecagon, layout_basic, st_stairs_13
D:2:      layout_basic, first_ration
D:3:      minmay_thinvault, layout_rooms, nicolae_dithmenos_shadow_blocks,
          lemuel_doored_altar, uniq_sigmund

Skill      XL: |  1  2  3  4 |
---------------+-------------+-----
Shields        | 4 |  4.0
Fighting       | 4 |  4.0
Short Blades   | 3 |  3.2
Armour         | |  3.9
Dodging        | |  0.6

Action                   |  1- 3 |  4- 6 || total
-------------------------+-------+-------++-------
Melee: Rapier            |   126 |    88 ||   214
  Use: Scroll            |     2 |     7 ||     9
  Eat: Chunk             |     1 |     3 ||     4
Armor: Scale mail        |    82 |    27 ||   109
Dodge: Dodged            |    75 |    31 ||   106
Block: Kite shield       |   113 |    36 ||   149

Table legend:
 A = Non-vault XP
 B = Vault XP
 C = Vault XP percentage of total XP
 D = Non-vault monster count
 E = Vault monster count
 F = Vault count percentage of total count
                 A         B        C        D         E       F
            +---------+---------+-------+---------+---------+-------
      Total |     143 |       2 |   1.4 |      56 |       1 |   1.8
            +---------+---------+-------+---------+---------+-------
        D:1 |      41 |       2 |   4.7 |      24 |       1 |   4.0
        D:2 |      82 |       0 |   0.0 |      25 |       0 |   0.0
        D:3 |      20 |       0 |   0.0 |       7 |       0 |   0.0
            +---------+---------+-------+---------+---------+-------
